 Dungeon Crawl Stone Soup version 0.28.0-47-ge53b351184 (webtiles) character file.

Game seed: 9975442275729220505

113 pkoi the Twirler (level 4, -2/37 HPs)
             Began as a Demigod Gladiator on May 7, 2022.
             Killed from afar by Natasha (9 damage)
             ... with a magic dart
             ... on level 2 of the Dungeon.
             The game lasted 00:01:53 (2343 turns).

pkoi the Twirler (Demigod Gladiator)                Turns: 2343, Time: 00:01:54

Health: -2/37      AC:  5    Str: 15    XL:     4   Next: 39%
Magic:  6/6        EV: 12    Int: 14    God:
Gold:   20         SH:  0    Dex: 15    Spells: 3/3 levels left

rFire   . . .      SeeInvis .   a - +0 quarterstaff
rCold   . . .      Faith    .   (shield currently unavailable)
rNeg    . . .      Spirit   .   b - +0 leather armour
rPois   .          Reflect  .   c - +0 helmet
rElec   .          Harm     .   i - +0 cloak
rCorr   .          Rampage  .   (no gloves)
Will    .....                   (no boots)
Stlth   +.........              (no amulet)
HPRegen 0.12/turn               (no ring)
MPRegen 0.10/turn               (no ring)

@: no status effects
A: high MP 1, forlorn, divine attributes
a: no special abilities


You were on level 2 of the Dungeon.
You visited 1 branch of the dungeon, and saw 2 of its levels.

You collected 44 gold pieces.
You spent 24 gold pieces at shops.

Inventory:

Hand Weapons
 a - a +0 quarterstaff (weapon)
Missiles
 d - 3 throwing nets (quivered)
Armour
 b - a +0 leather armour (worn)
 c - a +0 helmet (worn)
 i - a +0 cloak (worn)
Scrolls
 e - 2 scrolls of identify
 h - a scroll of teleportation {unknown}
 j - 2 scrolls of silence {unknown}
 k - a scroll of fog {unknown}
Potions
 f - 3 potions of curing {unknown}


   Skills:
 + Level 2.5 Fighting
 * Level 3.7 Staves
 - Level 1.7 Throwing
 + Level 1.5 Armour
 + Level 3.2 Dodging


You had 3 spell levels left.
You didn't know any spells.
Your spell library was empty.

Dungeon Overview and Level Annotations

Branches:
Dungeon (2/15)

Shops:
D:2 !

Annotations:
D:2 Natasha


Innate Abilities, Weirdness & Mutations

You have an increased reservoir of magic. (+10% MP)
You shall have no god before yourself.
Your divine heritage dramatically boosts your attributes as you level up.


Message History

Unknown command.
You hit the giant cockroach.
You kill the giant cockroach!
You feel sick.
Unknown command.
You hit Natasha but do no damage.
You feel sick.
Natasha mumbles some strange words.
Natasha shimmers violently.
Natasha closely misses you.
Unknown command.
You barely miss Natasha.
You feel sick. Natasha barely misses you.
Natasha wildly gestures.
You feel disoriented. Natasha closely misses you.
You hit Natasha.
Natasha is lightly wounded.
You feel sick. Natasha misses you.
You hit Natasha.
Natasha is lightly wounded.
You feel sick.
You are no longer poisoned.
Natasha claws you but does no damage.
You barely miss Natasha.
Natasha is lightly wounded.
Natasha stares at you and mumbles some strange words.
The magic dart hits you.
* * * LOW HITPOINT WARNING * * *
You barely miss Natasha.
Natasha is lightly wounded.
Natasha claws you.
* * * LOW HITPOINT WARNING * * *
You closely miss Natasha.
Natasha is lightly wounded.
Natasha closely misses you.
You hit Natasha but do no damage.
Natasha is lightly wounded.
The shadow imp disappears in a puff of smoke!
Natasha casts a spell at you. The magic dart hits you!
You die...

#.>.............'......#.#.#.#.
#...............##.##..#.#.#.#.
#...............##.#...#.#.#.#.
#...............##.#...#.#.....
#...............##.#.#.#.......
##########......##.#.#.#.....#.
#########.#.#.#.##..#.
#####..#.#.#.†.##....
######§wh@..#.#.#...##..#.
......SK##.##.#...........
......5..#....#####.##....
.........#..#######..##.##
.........##'##....##.##.#
..........+∩''....# ..#.#
........###+#.....# #.#.#
...)....# #.##...####...#
........# #.........##..#


You could see a worm, Natasha, an adder, a white imp (summoned) and a kobold.

Vanquished Creatures
  Natasha (D:2)
  5 adders
  2 dart slugs (D:1)
  5 ball pythons
  4 endoplasms (D:2)
  4 giant cockroaches
  3 hobgoblins
  3 kobolds
  2 quokkas
  3 bats (D:1)
  2 frilled lizards
  4 goblins (D:1)
  3 rats
41 creatures vanquished.

Notes
Turn   | Place    | Note
-------+----------+-------------------------------------------
     0 | D:1      | pkoi the Demigod Gladiator began the quest for the Orb.
     0 | D:1      | Reached XP level 1. HP: 17/17 MP: 3/3
   257 | D:1      | Reached XP level 2. HP: 24/24 MP: 4/4
  1105 | D:1      | Reached skill level 1 in Armour
  1105 | D:1      | Reached XP level 3. HP: 11/29 MP: 5/5
  1787 | D:2      | Noticed Natasha
  1790 | D:2      | Killed Natasha
  1866 | D:2      | Reached XP level 4. HP: 28/37 MP: 6/6
  2312 | D:2      | Found Ryekk's Distillery.
  2316 | D:2      | Bought 2 potions of degeneration for 24 gold pieces
  2324 | D:2      | Noticed Natasha
  2343 | D:2      | Killed from afar by Natasha

Illustrated notes

Levels and vault maps discovered:
D:1:      amcnicky_arrival_wind_blow, layout_rooms,
          ebering_ecumenical_altar_rust, serial_co_window_serial,
          co_window_paths_a, co_window_of_opportunity_a, co_window_cross_1,
          co_window_corner_a, co_window_of_opportunity_a, co_window_broadway_a,
          co_window_paths_c, co_window_unsneaky_path_b, glass_columns_b,
          glass_columns_b, minmay_misc_feat_doors, grunt_decor_junction
D:2:      layout_basic, serial_shops, nicolae_shop_behind_doors,
          serial_bayou_pond_d, lemuel_old_faithful, uniq_natasha

Skill      XL: |  1  2 |
---------------+-------+-----
Fighting       | 2 |  2.5
Staves         | 3 |  3.7
Dodging        | 3 |  3.2
Armour         | 1 |  1.5
Throwing       | |  1.7

Action                   |  1- 3 |  4- 6 || total
-------------------------+-------+-------++-------
Melee: Quarterstaff      |    80 |    27 ||   107
  Use: Scroll            |     1 |       ||     1
Armor: Leather armour    |    43 |     6 ||    49
Dodge: Dodged            |    59 |    16 ||    75
